 Dungeon Crawl Stone Soup version 0.28-a0-2-g643f245 (webtiles) character file.

Game seed: 16032069205101510029

597 Illumine the Cudgeller (level 7, -5/61 HPs)
             Began as a Minotaur Hunter on July 22, 2021.
             Slain by an orc priest (8 damage)
             ... on level 3 of the Dungeon.
             The game lasted 00:06:20 (4931 turns).

Illumine the Cudgeller (Minotaur Hunter)            Turns: 4931, Time: 00:06:20

Health: -5/61      AC:  3    Str: 19    XL:     7   Next: 17%
Magic:  6/6        EV: 12    Int:  8    God:
Gold:   150        SH:  0    Dex: 10    Spells: 6/6 levels left

rFire   . . .      SeeInvis .   a - +1 hand crossbow
rCold   . . .      Faith    .   (no shield)
rNeg    . . .      Spirit   .   c - +0 leather armour
rPois   .          Reflect  .   (helmet restricted)
rElec   .          Harm     .   (no cloak)
rCorr   .          Rampage  .   (no gloves)
Will    .....                   (no boots)
Stlth   +.........              (no amulet)
HPRegen 0.20/turn               (no ring)
MPRegen 0.10/turn               (no ring)

@: no status effects
A: horns 2, retaliatory headbutt
a: no special abilities


You were on level 3 of the Dungeon.
You visited 1 branch of the dungeon, and saw 4 of its levels.

You collected 150 gold pieces.

Inventory:

Hand Weapons
 a - a +1 hand crossbow (weapon)
 k - a +0 mace
Missiles
 d - 16 bolts (quivered ammo)
 e - 94 stones
Armour
 c - a +0 leather armour (worn)
Scrolls
 b - a scroll of noise {unknown}
 f - 2 scrolls of identify {unknown}
 g - a scroll of amnesia {unknown}
 h - 2 scrolls of vulnerability {unknown}
 l - a scroll of teleportation {unknown}
 m - a scroll of magic mapping {unknown}
 n - a scroll of fear {unknown}
Potions
 i - a potion of heal wounds {unknown}
 j - a potion of degeneration {unknown}


   Skills:
 + Level 5.2 Fighting
 * Level 5.4 Maces & Flails
 - Level 5.0 Crossbows
 - Level 1.3 Armour
 + Level 4.7 Dodging
 - Level 0.7 Stealth


You had 6 spell levels left.
You didn't know any spells.
Your spell library contained the following spells:

 Spells                   Type           Power      Damage    Failure   Level
 Animate Skeleton         Necr           0%         N/A       45%         1
 Apportation              Tloc           0%         N/A       45%         1
 Corona                   Hex            0%         N/A       45%         1
 Summon Small Mammal      Summ           0%         N/A       45%         1


Dungeon Overview and Level Annotations

Branches:
Dungeon (4/15)
 Temple: D:4-7

Altars:
Ashenzari
Fedhas
Ru

Shops:
D:1 (


Innate Abilities, Weirdness & Mutations

You have a pair of horns on your head.
You reflexively headbutt those who attack you in melee.


Message History

Beogh smites you!
You sock the phantom! Your headbutt misses the phantom.
The phantom is almost destroyed.
The phantom closely misses you. You furiously retaliate!
You headbutt the phantom.
You destroy the phantom!
The orc priest looks encouraged for a moment.
The kobold hits you but does no damage.
The gnoll shouts!
The adder zombie bites you.
Found a fuming black potion.
Found a notched opal ring.
The adder zombie bites you. The adder zombie closely misses you.
There is an escape hatch in the ceiling here.
The kobold hits you but does no damage.
The orc priest mumbles some strange prayers to Beogh against you.
Beogh smites you!
* * * LOW HITPOINT WARNING * * *
The adder zombie barely misses you. A mysterious force pulls you upwards.
The hatch slams shut behind you.
Unknown command.
You hit the orc priest but do no damage.
The kobold hits you with a +0 dagger.
* * * LOW HITPOINT WARNING * * *
The orc priest mumbles some strange prayers to Beogh against you.
Beogh smites you!
* * * LOW HITPOINT WARNING * * *
The kobold hits you with a +0 dagger.
* * * LOW HITPOINT WARNING * * *
a - a +1 hand crossbow (weapon)
The orc priest misses you. You furiously retaliate!
You headbutt the orc priest, but do no damage.
Fire: 17 bolts
Press: ? - help, Q - select action, (/) - cycle Shift-Dir - straight line, f - orc priest
Aim: an orc priest, wielding a +0 long sword and wearing a +0 leather armour (65% to hit)
You shoot a bolt.
The bolt hits the orc priest but does no damage.
The kobold hits you but does no damage.
The orc priest hits you with a +0 long sword!
You die...

#.......#..'.P.'.
####.#####.'.P.'. #.#
###...#. #.# #'''#.
#.## #...#. #..#
#._.#.
######.######...#.
##......#....#####.
##.@............##..
#..Ko............#..
#................#..
#..................#
#................###
#................###
#................##.
###..............###.
#..#......#...)......


You could see an orc priest and a kobold.

Vanquished Creatures
  2 ogres (D:4)
  A phantom (D:4)
  A water moccasin skeleton (D:2)
  A bullfrog zombie (D:4)
  A bullfrog skeleton (D:4)
  An orc priest (D:4)
  An orc wizard (D:2)
  2 hound skeletons (D:4)
  A howler monkey zombie (D:4)
  5 adders
  A howler monkey skeleton (D:4)
  An ufetubus (D:4)
  2 adder zombies (D:4)
  2 worms
  2 dart slugs (D:1)
  5 orcs
  3 bats
  3 endoplasms
  4 giant cockroaches
  6 goblins
  8 hobgoblins
  12 jackals
  2 kobolds
  3 quokkas
  6 ball pythons
  6 frilled lizards
  5 rats
87 creatures vanquished.

Vanquished Creatures (others)
  A plant (D:1)
  2 withered plants (D:4)
3 creatures vanquished.

Grand Total: 90 creatures vanquished

Notes
Turn   | Place    | Note
-------+----------+-------------------------------------------
     0 | D:1      | Illumine the Minotaur Hunter began the quest for the Orb.
     0 | D:1      | Reached XP level 1. HP: 18/18 MP: 0/0
    80 | D:1      | Reached XP level 2. HP: 6/25 MP: 1/1
   746 | D:1      | Found Asat Aseith's Antique Weapon Shoppe.
   902 | D:1      | Reached XP level 3. HP: 29/31 MP: 2/2
   947 | D:1      | Found a faded altar of an unknown god.
  1653 | D:2      | Reached skill level 1 in Armour
  1913 | D:2      | Reached skill level 5 in Crossbows
  1913 | D:2      | Reached XP level 4. HP: 34/38 MP: 3/3
  2192 | D:2      | Reached skill level 1 in Maces & Flails
  2839 | D:2      | Reached XP level 5. HP: 23/46 MP: 4/4
  3234 | D:3      | Found a broken altar of Ashenzari.
  3565 | D:3      | Found a sacrificial altar of Ru.
  3792 | D:4      | Noticed an ogre
  3804 | D:4      | Killed an ogre
  3805 | D:4      | Reached XP level 6. HP: 30/53 MP: 5/5
  3943 | D:4      | Found a blossoming altar of Fedhas.
  3949 | D:4      | HP: 2/53 [ogre (26)]
  4530 | D:4      | Reached skill level 5 in Fighting
  4530 | D:4      | Reached skill level 5 in Maces & Flails
  4625 | D:4      | Reached XP level 7. HP: 50/61 MP: 6/6
  4929 | D:3      | HP: 3/61 [kobold (1)]
  4931 | D:3      | Slain by an orc priest

Illustrated notes

Levels and vault maps discovered:
D:1:      shiori_arrival_elements, layout_basic,
          hellmonk_ecumenical_altar_heavens_door, serial_forest,
          infiniplex_forest_clump_diagonal, infiniplex_forest_straight_3,
          infiniplex_forest_lined_2, infiniplex_forest_diagonal,
          infiniplex_forest_clump_curved, infiniplex_forest_clump_medium,
          infiniplex_forest_lined_2, serial_shops,
          nicolae_shop_temple_entry_statues_fountains
D:2:      layout_loops_ring, kennysheep_generic_room_10
D:3:      layout_rooms, mainiacjoe_overflow_big_doors
D:4:      layout_cave_pools, fedhas_altar_2, gammafunk_ghost_split,
          serial_undead, serial_undead_c, serial_undead_e, serial_undead_b,
          serial_undead_f, serial_undead_c, serial_undead_f, serial_undead_e,
          serial_undead_c, minmay_misc_feat_five, uniq_natasha, uniq_ijyb

Skill      XL: |  1  2  3  4  5  6 |
---------------+-------------------+-----
Fighting       | 3 4 5 |  5.2
Dodging        | 3 4 |  4.7
Armour         | 1 |  1.3
Crossbows      | 5 |  5.0
Maces & Flails | 2 3 5 |  5.4
Stealth        | |  0.7

Action                   |  1- 3 |  4- 6 |  7- 9 || total
-------------------------+-------+-------+-------++-------
Melee: Short sword       |   103 |       |       ||   103
       Headbutt          |    13 |    21 |     6 ||    40
       Mace              |     2 |   111 |    23 ||   136
 Fire: Hand crossbow     |     2 |    20 |     1 ||    23
 Stab: Sleeping          |       |     1 |       ||     1
Armor: Leather armour    |    32 |    23 |     8 ||    63
Dodge: Dodged            |    74 |    80 |    17 ||   171

Table legend: (Time is in decaauts)
 A = Elapsed time spent in this place.
 B = Non-inter-level travel time spent in this place.
 C = Inter-level travel time spent in this place.
 D = Time resting spent in this place.
 E = Time spent auto-exploring this place.
 F = Levels seen in this place.
 G = Mean time per level.
                   A        B        C        D        E       F      G
               +--------+--------+--------+--------+--------+-----+--------+
         Total |   4979 |   4802 |    177 |   1818 |   2211 |   4 | 1244.8 |
       Dungeon |   4979 |   4802 |    177 |   1818 |   2211 |   4 | 1244.8 |
               +--------+--------+--------+--------+--------+-----+--------+

Top non-repeatable levels by time:
     D:1: 1562 daAuts
     D:2: 1489 daAuts
     D:3: 1215 daAuts
     D:4: 712 daAuts
